 Dungeon Crawl Stone Soup version 0.14-a0-3315-g09e681a (webtiles) character file.

201 Kae the Chopper (level 5, -1/45 HPs)
             Began as a Hill Orc Fighter on Mar 15, 2014.
             Slain by a sky beast (3 damage)
             ... on Level 3 of the Dungeon.
             The game lasted 00:01:59 (2022 turns).

Kae the Chopper (Hill Orc Fighter)                  Turns: 2022, Time: 00:02:00

HP  -1/45        AC  6     Str 20      XL: 5   Next: 24%
MP   5/5         EV  6     Int  8      God:
Gold 60          SH 18     Dex 10      Spells:  0 memorised,  4 levels left

rFire  . . .     SeeInvis .     b - +2,+0 war axe
rCold  . . .     Clarity  .     k - +0 scale mail
rNeg   . . .     Conserve .     c - +0 shield
rPois  .         rCorr    .     (no helmet)
rElec  .         rRot     .     (no cloak)
SustAb . .       Spirit   .     (no gloves)
rMut   .         Warding  .     (no boots)
Saprov + . .     Stasis   .     (no amulet)
MR     .....                    (no ring)
                                (no ring)

@: not resistant to hostile enchantments, extremely unstealthy
A: saprovore 1
a: no special abilities


You were on level 3 of the Dungeon.
You were not hungry.

You visited 1 branch of the dungeon, and saw 3 of its levels.

You collected 60 gold pieces.

Inventory:

Hand weapons
 a - a +0,+0 war axe
 b - a +2,+0 war axe (weapon)
Armour
 c - a +0 shield (worn)
 k - a +0 scale mail (worn)
Magical devices
 o - a wand of frost (21) {unknown}
Comestibles
 d - 2 meat rations
 g - 2 bread rations
 j - a choko
Scrolls
 f - a scroll of fear {unknown}
 h - 2 scrolls of remove curse {unknown}
 i - a scroll of random uselessness {unknown}
 l - a scroll of identify {unknown}
 n - a scroll of blinking {unknown}
Jewellery
 p - an uncursed ring of fire {unknown}
Potions
 e - a potion of might
 m - a potion of haste {unknown}
 q - a potion of curing {unknown}


   Skills:
 - Level 3.6 Fighting
 + Level 6.9 Axes
 - Level 3.2 Armour
 - Level 3.2 Shields


You had 4 spell levels left.
You didn't know any spells.

Dungeon Overview and Level Annotations

Branches:
Dungeon (3/15)

Altars:


Innate Abilities, Weirdness & Mutations

You can tolerate rotten meat.


Message History

No target in view!
No target in view!
No target in view!
No target in view!
You hit something. You block its attack.
You miss something. Something hits you. Something shocks you.
Something hits you. Something shocks you.
You completely miss something. You block its attack.
You miss something. Something hits you but does no damage.
Your shield and scale mail prevent you from hitting something.
Something hits you. Something shocks you.
* * * LOW HITPOINT WARNING * * *
You closely miss something. Something hits you.
* * * LOW HITPOINT WARNING * * *
Something shocks you!
* * * LOW HITPOINT WARNING * * *
Your shield and scale mail prevent you from hitting something.
Something hits you but does no damage.
You completely miss something. Something hits you.
You die...

##.#.# ####........# #.... ...#.#
#.....#### #....
####.###########.#### #....
#..........>..# ##.#.
##.#####...#..# #.... #.#
#...#..# #.... #####.#####...#..#
#.... ...##....##.###..########
#....
...##.....#...(.@................
..............[..####...######...
.................# #.#.
#..........###..## #.#.
................ #.#.
#####.########.. #.#. #.# #.. ##
... ... ..## #


There were no monsters in sight!

Vanquished Creatures
  5 adders
  3 worms
  3 giant geckos
  4 orcs (D:3)
  11 bats
  5 giant cockroaches
  8 hobgoblins
  7 jackals
  11 kobolds
  3 quokkas (D:2)
  2 ball pythons (D:3)
  A giant newt (D:2)
  6 goblins
  5 rats
74 creatures vanquished.

Notes
Turn   | Place    | Note
--------------------------------------------------------------
     0 | D:1      | Kae, the Hill Orc Fighter, began the quest for the Orb.
     0 | D:1      | Reached XP level 1. HP: 19/19 MP: 1/1
    53 | D:1      | Reached XP level 2. HP: 19/26 MP: 2/2
   175 | D:1      | Reached skill level 4 in Axes
   229 | D:1      | Reached XP level 3. HP: 27/31 MP: 3/3
   574 | D:1      | Reached skill level 5 in Axes
   987 | D:2      | Reached XP level 4. HP: 39/39 MP: 4/4
  1122 | D:2      | Reached skill level 6 in Axes
  1770 | D:3      | Reached XP level 5. HP: 38/45 MP: 5/5
  2003 | D:3      | Noticed a sky beast
  2020 | D:3      | HP: 2/45 [something (6)]
  2022 | D:3      | Slain by a sky beast

Action                   |  1- 3 |  4- 6 || total
-------------------------+-------+-------++-------
Melee: War axe           |   106 |   114 ||   220
